 Dungeon Crawl Stone Soup version 0.28.0-49-g6dfe1f597d (webtiles) character file.

Game seed: 2991830066011860997

18 Zeld the Chopper (level 2, -8/27 HPs)
             Began as a Hill Orc Monk on May 18, 2022.
             Mangled by a worm (11 damage)
             ... on level 2 of the Dungeon.
             The game lasted 00:00:32 (326 turns).

Zeld the Chopper (Hill Orc Monk)                     Turns: 326, Time: 00:00:33

Health: -8/27      AC:  2    Str: 13    XL:     2   Next: 66%
Magic:  2/2        EV: 12    Int: 10    God:
Gold:   0          SH:  0    Dex: 13    Spells: 1/1 levels left

rFire   . . .      SeeInvis .   a - +0 hand axe
rCold   . . .      Faith    .   (no shield)
rNeg    . . .      Spirit   .   b - +0 robe
rPois   .          Reflect  .   (no helmet)
rElec   .          Harm     .   (no cloak)
rCorr   .          Rampage  .   (no gloves)
Will    .....                   (no boots)
Stlth   ++........              (no amulet)
HPRegen 0.09/turn               (no ring)
MPRegen 0.08/turn               (no ring)

@: no status effects
A: no striking features
a: no special abilities


You were on level 2 of the Dungeon.
You visited 1 branch of the dungeon, and saw 2 of its levels.

Inventory:

Hand Weapons
 a - a +0 hand axe (weapon)
Armour
 b - a +0 robe (worn)
Jewellery
 d - a ring of see invisible
Potions
 c - a potion of lignification {unknown}


   Skills:
 * Level 4.1 Fighting
 * Level 4.5 Axes
 + Level 0.8 Armour
 - Level 2.4 Dodging
 - Level 1.5 Stealth


You had one spell level left.
You didn't know any spells.
Your spell library was empty.

Dungeon Overview and Level Annotations

Branches:
Dungeon (2/15)

Altars:


Message History

The bat hits you but does no damage. The bat closely misses you.
You barely miss the bat. The bat barely misses you.
A worm is nearby!
The bat barely misses you.
There are monsters nearby!
The bat hits you but does no damage. The bat barely misses you.
There are monsters nearby!
You barely miss the bat. You hit the worm but do no damage.
The bat closely misses you. x2; The worm completely misses you.
You hit the bat.
The bat is moderately wounded.
You hit the worm. The bat completely misses you. The worm closely misses you.
You hit the bat.
You kill the bat!
You hit the worm but do no damage. You hit the worm.
The worm is heavily wounded.
The worm bites you!
You barely miss the worm.
The worm is moderately wounded.
The worm closely misses you.
You hit the worm.
The worm is heavily wounded.
You barely miss the worm.
The worm is heavily wounded.
The worm bites you.
You are too injured to fight recklessly!
You are too injured to fight recklessly!
You slash the worm!
The worm is almost dead.
You are too injured to fight recklessly!
You barely miss the worm.
The worm is almost dead.
The worm bites you!
* * * LOW HITPOINT WARNING * * *
You are too injured to fight recklessly!
You see here a ring of see invisible.
d - a ring of see invisible The worm bites you!
You die...

##.####.#P.#.P.≈P...#
.##........P.#...⌠⌠.P.#
......^.....P#.≈......#
.######.#.#..#.P......#
#..#..#.P.PP.PP.#
#.######.###.#..PP.....#
........## .#........###
#.######.###...#.###.#
#.@#.#..#. .# #w#.#
#.#.# #..............
......>........
....#.#.#.##.#. #..
....#.# .# .. .......# .
# ... .#. .


You could see a worm.

Vanquished Creatures
  An adder (D:2)
  A dart slug (D:2)
  2 bats (D:2)
  An endoplasm (D:1)
  A ball python (D:2)
  A frilled lizard (D:2)
  A rat (D:2)
8 creatures vanquished.

Vanquished Creatures (others)
  2 fungi (D:2)
  2 plants (D:2)
4 creatures vanquished.

Grand Total: 12 creatures vanquished

Notes
Turn   | Place    | Note
-------+----------+-------------------------------------------
     0 | D:1      | Zeld the Hill Orc Monk began the quest for the Orb.
     0 | D:1      | Reached XP level 1. HP: 19/19 MP: 1/1
    40 | D:2      | Reached XP level 2. HP: 16/27 MP: 2/2
   281 | D:2      | Found a faded altar of an unknown god.
   326 | D:2      | Mangled by a worm

Illustrated notes

Levels and vault maps discovered:
D:1:      saegor_arrival_simple_b, layout_basic
D:2:      layout_loops_ring, shapermc_ecumenical_altar_mp_ritualfount

Skill      XL: |  1 |
---------------+----+-----
Fighting       | 4 |  4.1
Axes           | |  4.5
Armour         | |  0.8
Dodging        | |  2.4
Stealth        | |  1.5

Action                   || total
-------------------------++-------
Melee: Hand axe          ||    48
 Stab: Sleeping          ||     1
Armor: Robe              ||     6
Dodge: Dodged            ||    45
